[Event "Titled Tuesday Blitz June 28 Early 2022"]
[White "Rios Escobar, Adan"]
[Black "Jaracz, Pawel"]
[WhiteFideId "3403645"]
[BlackFideId "1102222"]
[WhiteElo "2467"]
[BlackElo "2459"]
[Result "0-1"]
[Round "03"]
[TimeControl "180+1"]
[Date "2022.06.28"]
[WhiteClock "0:00:01"]
[BlackClock "0:00:27"]

1. d4 Nf6 2. g3 g6 3. Bg2 c5 4. d5 d6 5. c4 Bg7 6. Nc3 O-O 7. Nf3 e6 8. O-O exd5 9. cxd5 Nbd7 10. Re1 a6 11. a4 Re8 12. Bf4 Qe7 13. h3 Rb8 14. e4 Nh5 15. Bg5 Bf6 16. Bxf6 Nhxf6 17. a5 b5 18. axb6 Rxb6 19. Qd2 Rb4 20. Qh6 Qf8 21. Qxf8+ Kxf8 22. Nd2 Ne5 23. Reb1 g5 24. f4 gxf4 25. gxf4 Nd3 26. e5 dxe5 27. fxe5 Rxe5 28. Rf1 Kg7 29. Nf3 Re3 30. Nd1 Re2 31. Ra5 Nxd5 32. Ne1 N3f4 33. Rf3 Rxe1+ 34. Bf1 Rxd1 35. Rg3+ Kf6 36. Rf3 Bf5 37. Rxc5 Ke5 38. Kf2 Rxb2+ 39. Kg3 Rd4 40. Bg2 Rxg2+ 41. Kh4 Ng6+ 42. Kh5 Rh4# 0-1


[Site "https://www.chess.com"]

[Event "Titled Tuesday Blitz June 28 Early 2022"]
[White "Rosenberg, Evan S"]
[Black "Huber, Benedikt"]
[WhiteFideId "2019299"]
[BlackFideId "12923583"]
[WhiteElo "2142"]
[BlackElo "1979"]
[Result "1-0"]
[Round "03"]
[TimeControl "180+1"]
[Date "2022.06.28"]
[WhiteClock "0:00:05"]
[BlackClock "0:00:22"]

1. e4 c5 2. Nc3 e6 3. Nge2 Nc6 4. g3 d5 5. exd5 exd5 6. d4 Bg4 7. Bg2 cxd4 8. Nxd5 Nge7 9. Bg5 f6 10. Bxf6 Qa5+ 11. b4 Nxb4 12. Nxb4 Qxb4+ 13. c3 dxc3 14. Bxc3 Qc4 15. f3 Bf5 16. O-O Bd3 17. Re1 Bxe2 18. Qxe2 Qxc3 19. Rac1 Qd4+ 20. Kh1 Qf6 21. f4 Kf7 22. Rc7 Rd8 23. Qc4+ Kg6 24. Qc2+ Nf5 25. Be4 Bd6 26. Rxb7 Rc8 27. Qb1 Rhg8 28. g4 h5 29. Bxf5+ Kh6 30. g5+ Qxg5 31. fxg5+ Kxg5 32. Bh3 Kf6 33. Qf5# 1-0


[Site "https://www.chess.com"]

[Event "Titled Tuesday Blitz June 28 Early 2022"]
[White "Royal, Shreyas"]
[Black "Mrudul Dehankar"]
[WhiteFideId "448869"]
[BlackFideId "25096990"]
[WhiteElo "1986"]
[BlackElo "1766"]
[Result "1-0"]
[Round "03"]
[TimeControl "180+1"]
[Date "2022.06.28"]
[WhiteClock "0:02:02"]
[BlackClock "0:00:18"]

1. d4 Nf6 2. c4 e6 3. Nc3 Bb4 4. e3 b6 5. Bd3 Bb7 6. Nf3 Ne4 7. Qc2 Bxc3+ 8. bxc3 f5 9. O-O O-O 10. Nd2 Nxd2 11. Bxd2 d6 12. f3 Nd7 13. Rae1 Qe7 14. e4 f4 15. e5 dxe5 16. Bxh7+ Kh8 17. dxe5 Qc5+ 18. Kh1 Nxe5 19. Bc1 Rf6 20. Be4 c6 21. Rd1 Ba6 22. Rfe1 Bxc4 23. Rd4 Ba6 24. Red1 Raf8 25. Ra4 Bb5 26. Rxa7 Rh6 27. Ba3 1-0


[Site "https://www.chess.com"]

[Event "Titled Tuesday Blitz June 28 Early 2022"]
[White "Rustemov, Alexander"]
[Black "Vachier-Lagrave, Maxime"]
[WhiteFideId "4119002"]
[BlackFideId "623539"]
[WhiteElo "2742"]
[BlackElo "2813"]
[Result "0-1"]
[Round "03"]
[TimeControl "180+1"]
[Date "2022.06.28"]
[WhiteClock "0:00:52"]
[BlackClock "0:02:27"]

1. d4 d5 2. c4 dxc4 3. Nf3 Nf6 4. e3 e6 5. Bxc4 a6 6. O-O c5 7. e4 b5 8. Bd3 Nbd7 9. a4 c4 10. Bc2 Bb7 11. Bg5 Be7 12. axb5 axb5 13. Rxa8 Bxa8 14. Qe2 h6 15. Bxf6 Nxf6 16. Nc3 b4 17. Na4 O-O 18. e5 Nd5 19. Qxc4 Nf4 20. Nc5 Bxf3 21. gxf3 Bxc5 0-1


[Site "https://www.chess.com"]

[Event "Titled Tuesday Blitz June 28 Early 2022"]
[White "Sadhwani, Raunak"]
[Black "Lianes Garcia, Marcos"]
[WhiteFideId "35093487"]
[BlackFideId "32060777"]
[WhiteElo "2616"]
[BlackElo "2310"]
[Result "1-0"]
[Round "03"]
[TimeControl "180+1"]
[Date "2022.06.28"]
[WhiteClock "0:00:06"]
[BlackClock "0:00:05"]

1. Nf3 g6 2. e4 Bg7 3. d4 c5 4. d5 d6 5. h3 Nf6 6. Nc3 O-O 7. Be2 e6 8. O-O exd5 9. exd5 Re8 10. Be3 Na6 11. Qd2 Nc7 12. a4 Bf5 13. Bc4 Rb8 14. Rab1 a6 15. a5 Ne4 16. Nxe4 Bxe4 17. Ng5 Bf5 18. b4 h6 19. Nf3 Re4 20. Bd3 Rxb4 21. Bxf5 Rxb1 22. Rxb1 gxf5 23. Bxh6 Qf6 24. Bxg7 Kxg7 25. c4 f4 26. Kh2 Qf5 27. Rb6 Qf6 28. Qc2 Na8 29. Rb3 b5 30. axb6 Rxb6 31. Ra3 Rb4 32. Nd2 Nb6 33. Rxa6 f3 34. Nxf3 Nxc4 35. Qc1 Ne5 36. Ra3 Nxf3+ 37. Rxf3 Qe5+ 38. Rg3+ Kf8 39. Qh6+ Ke7 40. Qd2 Rd4 41. Qa2 Rxd5 42. f4 Qd4 43. Qa7+ Kf6 44. Qa8 Qe4 45. Qd8+ Kf5 46. Rg5+ Kxf4 47. Qf6+ Ke3 48. Rg3+ Ke2 49. Qb2+ Rd2 50. Qc3 d5 51. Qf6 d4 52. Rf3 Kd1 53. Rf1+ Kc2 54. Rg1 Qe2 55. Qf5+ d3 56. Qxf7 Qe4 57. Qa2+ Kc3 58. Qa5+ Kc2 59. Qxc5+ Kb2 60. Qc1+ 1-0


[Site "https://www.chess.com"]

[Event "Titled Tuesday Blitz June 28 Early 2022"]
[White "Saito, Vinicius"]
[Black "Weishaeutel, Moritz"]
[WhiteFideId "2113384"]
[BlackFideId "12967300"]
[WhiteElo "2168"]
[BlackElo "2002"]
[Result "0-1"]
[Round "03"]
[TimeControl "180+1"]
[Date "2022.06.28"]
[WhiteClock "0:00:23"]
[BlackClock "0:00:08"]

1. e4 e5 2. Nc3 Bc5 3. Bc4 Nf6 4. d3 c6 5. f4 d5 6. exd5 O-O 7. fxe5 Re8 8. d4 Bb6 9. Nf3 cxd5 10. Be2 Ne4 11. O-O Nc6 12. Kh1 Bg4 13. Be3 Qd7 14. Na4 Bc7 15. Nc3 h6 16. Nd2 Nxc3 17. bxc3 Bf5 18. Qe1 Bxc2 19. Qg3 Kh8 20. Nf3 Be4 21. Nh4 Bd8 22. Bg4 Bxh4 23. Qxh4 Qe7 24. Qh3 Kg8 25. Rf2 Nd8 26. Raf1 Ne6 27. Bxh6 gxh6 28. Rf6 Bg6 29. Bxe6 Qxe6 30. Rxe6 Rxe6 31. Qxh6 Bd3 32. Rf4 Rxh6 33. h3 Be4 34. Kh2 Rg6 35. g4 Re8 36. Kg3 Ree6 37. h4 Ra6 38. g5 Rxa2 39. Kg4 Rg2+ 40. Kh5 Rg1 0-1


[Site "https://www.chess.com"]

[Event "Titled Tuesday Blitz June 28 Early 2022"]
[White "Samsonkin, Artiom"]
[Black "Bintang, Rasyid A. Hidayat"]
[WhiteFideId "13503111"]
[BlackFideId "7105355"]
[WhiteElo "2513"]
[BlackElo "2377"]
[Result "1-0"]
[Round "03"]
[TimeControl "180+1"]
[Date "2022.06.28"]
[WhiteClock "0:01:19"]
[BlackClock "0:01:55"]

1. d4 d5 2. Bf4 c5 3. e3 Nc6 4. c3 Nf6 5. Nf3 Qb6 6. Qc2 Bf5 7. dxc5 Bxc2 8. cxb6 axb6 9. Na3 e5 10. Nxc2 exf4 11. exf4 Bd6 12. g3 O-O 13. Bd3 Rfe8+ 14. Kf1 Ne4 15. Kg2 Bc5 16. Rhf1 f6 17. a3 Na5 18. b4 Nb3 19. Rab1 Nbd2 20. Bxe4 Nxb1 21. Bxd5+ Kh8 22. Rxb1 1-0


[Site "https://www.chess.com"]

[Event "Titled Tuesday Blitz June 28 Early 2022"]
[White "Samunenkov, Ihor"]
[Black "Martinez Alcantara, Jose Eduardo"]
[WhiteFideId "14187086"]
[BlackFideId "3805662"]
[WhiteElo "2409"]
[BlackElo "2703"]
[Result "0-1"]
[Round "03"]
[TimeControl "180+1"]
[Date "2022.06.28"]
[WhiteClock "0:00:02"]
[BlackClock "0:00:04"]

1. d4 Nf6 2. c4 e6 3. Nc3 Bb4 4. e3 O-O 5. Bd2 d6 6. Nf3 Bxc3 7. Bxc3 Ne4 8. Rc1 Nd7 9. Bd3 Nxc3 10. Rxc3 Qe7 11. O-O e5 12. Bf5 Nf6 13. Qc2 Bxf5 14. Qxf5 Rfe8 15. dxe5 dxe5 16. Rd1 g6 17. Qg5 Rad8 18. Rcc1 Rd6 19. c5 Rxd1+ 20. Rxd1 Qe6 21. b3 Ne4 22. Qh4 Nf6 23. Ng5 Qe7 24. Qc4 Kg7 25. c6 bxc6 26. Qxc6 Rd8 27. Rc1 Qd6 28. g3 Qxc6 29. Rxc6 Rd7 30. Nf3 Ne4 31. Nxe5 Rd1+ 32. Kg2 Rd2 33. Kf3 f5 34. Rxc7+ Kg8 35. Rc8+ Kg7 36. Rc7+ Kf6 37. Nd7+ Kg5 38. h4+ Kh5 39. g4+ Kxh4 40. Kf4 Rxf2+ 41. Ke5 Kxg4 42. Nf8 Ng5 43. Nxh7 Re2 44. Nxg5 Kxg5 45. Rxa7 Rxe3+ 46. Kd4 f4 47. b4 Re8 48. b5 Rf8 49. b6 f3 50. b7 f2 0-1


[Site "https://www.chess.com"]

[Event "Titled Tuesday Blitz June 28 Early 2022"]
[White "Schmakel, Sam"]
[Black "Adla, Diego"]
[WhiteFideId "2039311"]
[BlackFideId "100072"]
[WhiteElo "2356"]
[BlackElo "2377"]
[Result "0-1"]
[Round "03"]
[TimeControl "180+1"]
[Date "2022.06.28"]
[WhiteClock "0:00:02"]
[BlackClock "0:00:25"]

1. c4 e6 2. g3 d5 3. Bg2 Nf6 4. Nf3 Nbd7 5. b3 c6 6. Bb2 Be7 7. O-O O-O 8. d4 b6 9. Nc3 Bb7 10. Rc1 Rc8 11. e3 h6 12. Qe2 Re8 13. Rfd1 Bf8 14. e4 dxe4 15. Nxe4 Nxe4 16. Qxe4 Qc7 17. Qg4 Nf6 18. Qh4 Rcd8 19. d5 Qe7 20. dxe6 Qxe6 21. Bxf6 Qxf6 22. Qxf6 gxf6 23. Nd4 Rd6 24. Nf5 Rxd1+ 25. Rxd1 Kh7 26. h4 Bc5 27. Bf3 Kg6 28. Nd6 Bxd6 29. Rxd6 Re7 30. Bxc6 Bxc6 31. Rxc6 Re2 32. a3 Ra2 33. b4 Rxa3 34. b5 Ra4 35. Kg2 Kf5 36. Rc7 Ke6 37. Kf3 Ra2 38. Kg4 f5+ 39. Kh5 Rxf2 40. Rxa7 Rf3 41. Ra6 Rxg3 42. Rxb6+ Ke5 43. c5 f4 44. Rb7 Ke6 45. b6 f3 46. Ra7 f2 47. Ra1 Rg1 48. b7 Rxa1 49. b8=Q f1=Q 50. Qd6+ Kf5 51. Qd5+ Kf6 52. Qd6+ Kg7 53. Qg3+ Kh7 54. Qe5 Qf3# 0-1


[Site "https://www.chess.com"]

[Event "Titled Tuesday Blitz June 28 Early 2022"]
[White "Sevian, Samuel"]
[Black "Csonka, Balazs"]
[WhiteFideId "2040506"]
[BlackFideId "742910"]
[WhiteElo "3053"]
[BlackElo "2755"]
[Result "0-1"]
[Round "03"]
[TimeControl "180+1"]
[Date "2022.06.28"]
[WhiteClock "0:01:12"]
[BlackClock "0:00:05"]

1. d4 e6 2. e4 d5 3. Nc3 Nf6 4. e5 Nfd7 5. Nce2 c5 6. f4 Nc6 7. Nf3 b5 8. Ng3 Qb6 9. Bd3 cxd4 10. O-O g6 11. Bd2 Bg7 12. a3 Nc5 13. Kh1 a5 14. b4 axb4 15. axb4 Rxa1 16. Qxa1 Nxd3 17. cxd3 O-O 18. Ne2 f6 19. exf6 Bxf6 20. Rc1 Bb7 21. Be1 Ra8 22. Qb2 Ra4 23. h4 Qa7 24. Rc2 Ra1 25. Kh2 Qa3 26. Qxa3 Rxa3 27. Rc5 Rxd3 28. Rxb5 Ba8 29. Rb6 Bd8 30. Ra6 Bb7 31. Ra2 Re3 32. b5 Ne7 33. Bf2 Re4 34. Nfxd4 Nf5 35. Nxf5 exf5 36. Bd4 Bxh4 37. Ra7 Rxe2 38. Rxb7 Rd2 39. Be5 Rd3 40. b6 Bg3+ 41. Kh3 Bxf4+ 42. g3 Bxe5 43. Re7 Rxg3+ 44. Kh4 Rb3 45. Re6 Kf7 46. Rc6 Kg7 47. Re6 Kh6 48. b7 Rb4+ 49. Kh3 Bg7 50. Re7 d4 51. Kg2 d3 52. Kf3 d2 53. Ke2 Rb2 54. Kd1 Bf6 55. Rf7 Bg5 56. Rd7 Rb1+ 57. Ke2 d1=Q+ 58. Rxd1 Rxb7 0-1


[Site "https://www.chess.com"]

[Event "Titled Tuesday Blitz June 28 Early 2022"]
[White "Shohat, Yotam"]
[Black "Sarkar, Justin"]
[WhiteFideId "2813955"]
[BlackFideId "2010011"]
[WhiteElo "2119"]
[BlackElo "2020"]
[Result "1-0"]
[Round "03"]
[TimeControl "180+1"]
[Date "2022.06.28"]
[WhiteClock "0:00:17"]
[BlackClock "0:00:01"]

1. e4 e5 2. f4 exf4 3. Bc4 Nc6 4. Nc3 d6 5. d4 g5 6. h4 Bg7 7. hxg5 Nxd4 8. Nf3 Bg4 9. Bxf4 Ne6 10. Be3 Ne7 11. Qd2 Ng6 12. O-O-O Qd7 13. Nd5 c6 14. Nf6+ Bxf6 15. gxf6 O-O-O 16. Qa5 b5 17. Be2 Kb8 18. a4 bxa4 19. Rxd6 Qb7 20. Rhd1 1-0


[Site "https://www.chess.com"]

[Event "Titled Tuesday Blitz June 28 Early 2022"]
[White "Shtyka, Sergey"]
[Black "Liyanage, Ranindu Dilshan"]
[WhiteFideId "4138465"]
[BlackFideId "9915834"]
[WhiteElo "2014"]
[BlackElo "1858"]
[Result "0-1"]
[Round "03"]
[TimeControl "180+1"]
[Date "2022.06.28"]
[WhiteClock "0:00:03"]
[BlackClock "0:00:10"]

1. e4 e5 2. Nf3 Nc6 3. Nc3 Nf6 4. Bb5 Bb4 5. O-O O-O 6. d3 d6 7. Bxc6 bxc6 8. Bg5 h6 9. Bh4 Rb8 10. Ne2 Bg4 11. Nd2 g5 12. Bg3 Nh5 13. f3 Bc5+ 14. Bf2 Bxf2+ 15. Rxf2 Be6 16. b3 Kh7 17. Nf1 Nf4 18. Ne3 Qf6 19. Qf1 Qg6 20. Kh1 f5 21. exf5 Bxf5 22. Nxf5 Qxf5 23. Ng3 Qg6 24. Re1 h5 25. Ne4 g4 26. fxg4 hxg4 27. g3 Ne6 28. Nf6+ Kg7 29. Ne4 Nd4 30. Re3 Rxf2 31. Qxf2 Rf8 32. Qg2 Qf5 33. Re1 Nf3 34. Rf1 Qc8 35. c4 d5 36. Nc5 Nd4 37. Rf2 Qe8 38. Kg1 Nf3+ 39. Kf1 e4 40. h3 e3 41. Rxf3 gxf3 42. Qb2+ Kh7 43. Qd4 e2+ 44. Ke1 f2+ 45. Qxf2 Rxf2 0-1


[Site "https://www.chess.com"]

[Event "Titled Tuesday Blitz June 28 Early 2022"]
[White "Silva, Pedro Gil Ferreira Da"]
[Black "Bellahcene, Bilel"]
[WhiteFideId "1946102"]
[BlackFideId "696358"]
[WhiteElo "1863"]
[BlackElo "2543"]
[Result "1-0"]
[Round "03"]
[TimeControl "180+1"]
[Date "2022.06.28"]
[WhiteClock "0:00:33"]
[BlackClock "0:00:01"]

1. Nf3 d5 2. c4 d4 3. g3 Nc6 4. Bg2 e5 5. d3 Be6 6. O-O Qd7 7. a3 a5 8. Ng5 Bf5 9. f4 f6 10. Ne4 h5 11. fxe5 Nxe5 12. Bf4 h4 13. Nbd2 Ng6 14. Qe1 Nxf4 15. Rxf4 g5 16. Rf1 O-O-O 17. Qf2 Bh3 18. Bxh3 Qxh3 19. Qf5+ Qxf5 20. Rxf5 Nh6 21. Rxa5 Ng4 22. Rf1 Be7 23. Ra8+ Kd7 24. Rxd8+ Kxd8 25. Rf5 c6 26. Nf3 Ne3 27. Ra5 Kc7 28. Nxd4 Kb6 29. b4 Rd8 30. Ne6 Re8 31. c5+ Bxc5 32. N6xc5 f5 33. Nd6 Re6 34. Nxe6 hxg3 35. Nc4+ 1-0


[Site "https://www.chess.com"]

[Event "Titled Tuesday Blitz June 28 Early 2022"]
[White "Simonovic, Miroslav"]
[Black "Begunov, Konstantin"]
[WhiteFideId "919152"]
[BlackFideId "4118510"]
[WhiteElo "2043"]
[BlackElo "2262"]
[Result "1-0"]
[Round "03"]
[TimeControl "180+1"]
[Date "2022.06.28"]
[WhiteClock "0:00:16"]
[BlackClock "0:00:01"]

1. d4 d5 2. Bg5 h6 3. Bh4 c6 4. e3 Qb6 5. b3 e5 6. c3 e4 7. f4 exf3 8. gxf3 Be7 9. Bxe7 Nxe7 10. Bh3 Qd8 11. Qe2 O-O 12. Nd2 Bxh3 13. Nxh3 Qd6 14. e4 Re8 15. e5 Qg6 16. O-O-O Qf5 17. Nf2 Ng6 18. Qd3 Qh5 19. Qe3 Nd7 20. f4 f5 21. Nf1 Qh4 22. Nd3 Nf6 23. Ng3 Ne4 24. Nxf5 Qg4 25. Nxh6+ gxh6 26. Rdg1 Qf5 27. Rxg6+ Qxg6 28. Rg1 Qxg1+ 29. Qxg1+ Kh7 30. Qg4 Rg8 31. Qf5+ Kh8 32. e6 Rg1+ 33. Kb2 Rg2+ 34. Ka3 Nxc3 35. Ne5 a5 36. Qf6+ Kh7 37. Qf7+ Kh8 38. Ng6+ Rxg6 39. Qxg6 Nb5+ 40. Kb2 h5 41. Qxh5+ Kg7 42. Qg5+ Kf8 43. Qf6+ 1-0


[Site "https://www.chess.com"]

[Event "Titled Tuesday Blitz June 28 Early 2022"]
[White "Skliarov, Viktor"]
[Black "Snehal, Bhosale"]
[WhiteFideId "14106736"]
[BlackFideId "5021995"]
[WhiteElo "2229"]
[BlackElo "2103"]
[Result "1/2-1/2"]
[Round "03"]
[TimeControl "180+1"]
[Date "2022.06.28"]
[WhiteClock "0:00:25"]
[BlackClock "0:00:58"]

1. e4 e5 2. Nc3 Nf6 3. Bc4 Nc6 4. d3 Bb4 5. Bg5 h6 6. Bxf6 Qxf6 7. Ne2 Na5 8. Bb3 Nxb3 9. axb3 c6 10. O-O g5 11. d4 d6 12. dxe5 dxe5 13. Ng3 h5 14. Nxh5 Qh6 15. g4 Bxg4 16. Qxg4 Qxh5 17. Qxh5 Rxh5 18. Ne2 a6 19. Ng3 Rh4 20. c3 Bc5 21. b4 Bb6 22. Rad1 Rd8 23. Kg2 Rf4 24. f3 Rxd1 25. Rxd1 g4 26. Rd3 gxf3+ 27. Rxf3 Rh4 28. Rf5 Bc7 29. Rh5 Rf4 30. Rf5 Rh4 31. Rh5 Rf4 32. Rf5 Rh4 1/2-1/2


[Site "https://www.chess.com"]

[Event "Titled Tuesday Blitz June 28 Early 2022"]
[White "Soham Kamotra"]
[Black "Melkumyan, Hrant"]
[WhiteFideId "46647490"]
[BlackFideId "13302485"]
[WhiteElo "2082"]
[BlackElo "2604"]
[Result "0-1"]
[Round "03"]
[TimeControl "180+1"]
[Date "2022.06.28"]
[WhiteClock "0:00:11"]
[BlackClock "0:00:46"]

1. e4 g6 2. d4 Bg7 3. Nc3 d6 4. Nf3 Nf6 5. Bf4 O-O 6. Qd2 Bg4 7. O-O-O Nc6 8. Be2 Bxf3 9. Bxf3 Nd7 10. Ne2 e5 11. Bh6 Bxh6 12. Qxh6 Nxd4 13. Nxd4 exd4 14. Rxd4 Qf6 15. Rhd1 Rfe8 16. Qe3 Re7 17. Be2 Rae8 18. f3 a6 19. Qc3 Nc5 20. Kb1 Kg7 21. Rc4 Qxc3 22. Rxc3 h5 23. Rd5 h4 24. a3 Ne6 25. Bf1 Nf4 26. Rd2 Rh8 27. b4 Rh5 28. Kb2 Rg5 29. Kb3 a5 30. Ka4 axb4 31. axb4 d5 32. Rc5 b6 33. Rb5 Ree5 34. exd5 Nxd5 35. Kb3 c6 36. Rdxd5 cxb5 37. Rd6 Re3+ 38. Bd3 Rxg2 39. Rxb6 Rxh2 40. Rxb5 h3 41. Rg5 Rg2 0-1


[Site "https://www.chess.com"]

[Event "Titled Tuesday Blitz June 28 Early 2022"]
[White "Starozhilov, Leonid"]
[Black "Horak, Martin"]
[WhiteFideId "14106752"]
[BlackFideId "367095"]
[WhiteElo "2414"]
[BlackElo "1997"]
[Result "1-0"]
[Round "03"]
[TimeControl "180+1"]
[Date "2022.06.28"]
[WhiteClock "0:01:04"]
[BlackClock "0:01:59"]

1. e4 c5 2. Nf3 d6 3. Bb5+ Bd7 4. a4 Nf6 5. Nc3 Nc6 6. O-O g6 7. Bxc6 Bxc6 8. e5 dxe5 9. Nxe5 Qc7 10. Re1 Bg7 11. d3 O-O 12. Nb5 Qc8 13. Nxc6 Qxc6 14. Rxe7 a6 15. Nc3 Rfe8 16. Rxe8+ Rxe8 17. Bd2 Nd5 18. Qf3 Nb4 19. Qxc6 Nxc6 20. Ne4 c4 21. Nd6 Re2 22. Nxc4 b5 23. axb5 axb5 24. Ra8+ Bf8 25. Kf1 1-0


[Site "https://www.chess.com"]

[Event "Titled Tuesday Blitz June 28 Early 2022"]
[White "Steinberg, Nitzan"]
[Black "Bellissimo, Joseph F."]
[WhiteFideId "2801795"]
[BlackFideId "2609843"]
[WhiteElo "2471"]
[BlackElo "2061"]
[Result "1-0"]
[Round "03"]
[TimeControl "180+1"]
[Date "2022.06.28"]
[WhiteClock "0:00:41"]
[BlackClock "0:00:55"]

1. d4 Nf6 2. Nf3 e6 3. Bf4 d5 4. e3 Bd6 5. Ne5 O-O 6. Nd2 b6 7. h4 Bb7 8. c3 Ne4 9. Nxe4 dxe4 10. h5 f6 11. Ng4 Bxf4 12. exf4 Nd7 13. h6 g6 14. Ne3 Kh8 15. Bc4 e5 16. f5 g5 17. Qd2 c5 18. d5 a6 19. a4 b5 20. axb5 Nb6 21. O-O Nxc4 22. Nxc4 axb5 23. Ne3 Qd6 24. b3 Rfc8 25. c4 b4 26. Qc2 Rxa1 27. Rxa1 Ra8 28. Rxa8+ Bxa8 29. Qxe4 Qa6 30. Qf3 Kg8 31. Qd1 Bb7 32. d6 Qb6 33. d7 Qd8 34. Qd6 Kf7 35. Qe6+ Kf8 36. Ng4 1-0


[Site "https://www.chess.com"]

[Event "Titled Tuesday Blitz June 28 Early 2022"]
[White "Sukandar, Irine Kharisma"]
[Black "Dronavalli, Harika"]
[WhiteFideId "7101937"]
[BlackFideId "5015197"]
[WhiteElo "2293"]
[BlackElo "2382"]
[Result "1-0"]
[Round "03"]
[TimeControl "180+1"]
[Date "2022.06.28"]
[WhiteClock "0:00:03"]
[BlackClock "0:00:12"]

1. d4 Nf6 2. Nc3 d6 3. e4 g6 4. h3 a6 5. Nf3 Bg7 6. Bd3 b5 7. a4 b4 8. Ne2 Bb7 9. Ng3 O-O 10. Be3 Nbd7 11. Qd2 c5 12. c3 Rc8 13. O-O e5 14. d5 c4 15. Be2 b3 16. a5 Nc5 17. Bxc4 Ncxe4 18. Nxe4 Rxc4 19. Nxf6+ Bxf6 20. Bb6 Qc8 21. Ra3 e4 22. Nh2 Qf5 23. Ng4 Bg5 24. Be3 f6 25. Bxg5 Qxg5 26. Qxg5 fxg5 27. Rxb3 Bxd5 28. Rb6 Rc6 29. Rd1 Rc5 30. Rxd6 Bb3 31. Re1 Bc2 32. Nf6+ Kg7 33. Nd7 Rd8 34. Nxc5 Rxd6 35. Nxe4 Re6 36. f3 Re5 37. b4 h5 38. Kf2 Rd5 39. Re2 Bd3 40. Re3 Bb5 41. Nc5 Rd2+ 42. Kg1 Rc2 43. Ne4 Kh6 44. Nd6 Rc1+ 45. Kf2 Rf1+ 46. Kg3 h4+ 47. Kh2 Bc6 48. Nf7+ Kh5 49. Re5 Bxf3 50. Rxg5# 1-0


[Site "https://www.chess.com"]

[Event "Titled Tuesday Blitz June 28 Early 2022"]
[White "Suleymanli, Suleyman"]
[Black "Marin Ramirez, Gerardo"]
[WhiteFideId "13416375"]
[BlackFideId "3901068"]
[WhiteElo "1598"]
[BlackElo "1920"]
[Result "1-0"]
[Round "03"]
[TimeControl "180+1"]
[Date "2022.06.28"]
[WhiteClock "0:01:52"]
[BlackClock "0:00:10"]

1. d4 d5 2. c4 c6 3. cxd5 cxd5 4. Nc3 Nf6 5. Nf3 a6 6. Bf4 Bf5 7. e3 Nc6 8. Qb3 b5 9. Rc1 Bd7 10. Nxd5 Nxd5 11. Qxd5 Qa5+ 12. Nd2 e6 13. Qe4 Bb4 14. Rxc6 Bxd2+ 15. Ke2 O-O 16. Rc2 Bb4 17. a3 Be7 18. g3 Rac8 19. Bg2 b4 20. axb4 Bb5+ 21. Kf3 Qb6 22. Rhc1 Rxc2 23. Qxc2 Bxb4 24. g4 f5 25. g5 Bd6 26. Bxd6 Qxd6 27. Qc7 Qd5+ 28. Kg3 Qb3 29. Qe5 Bc4 30. Rxc4 Qxc4 31. h4 1-0


[Site "https://www.chess.com"]

[Event "Titled Tuesday Blitz June 28 Early 2022"]
[White "Tan, Jun Ying"]
[Black "Polster, Christian"]
[WhiteFideId "5710413"]
[BlackFideId "12965081"]
[WhiteElo "1827"]
[BlackElo "2297"]
[Result "1-0"]
[Round "03"]
[TimeControl "180+1"]
[Date "2022.06.28"]
[WhiteClock "0:00:39"]
[BlackClock "0:00:08"]

1. e4 c5 2. Nc3 a6 3. f4 e6 4. Nf3 d5 5. d3 Nc6 6. g3 Nf6 7. Bg2 dxe4 8. dxe4 Qxd1+ 9. Kxd1 Be7 10. e5 Ng4 11. Ne4 h5 12. h3 Nh6 13. Ke2 Nf5 14. c3 Bd7 15. Be3 O-O-O 16. g4 hxg4 17. hxg4 Nxe3 18. Kxe3 Kc7 19. Nfg5 Rxh1 20. Rxh1 Be8 21. Rh7 Bf8 22. Nd6 Bxd6 23. exd6+ Kxd6 24. Rxg7 Rd7 25. Ne4+ Ke7 26. Nxc5 Rc7 27. Ne4 Na5 28. b3 b5 29. Rg5 Bc6 30. Kd4 Nb7 31. c4 bxc4 32. bxc4 Nd6 33. Nxd6 Bxg2 34. c5 Bd5 35. a3 f6 36. Rg7+ Kd8 37. Rxc7 Kxc7 38. Ne8+ Kc6 39. Nxf6 Ba2 40. g5 Bb1 41. Ne4 Bxe4 42. Kxe4 Kxc5 43. g6 Kd6 44. g7 Ke7 45. g8=Q Kd6 46. Qg5 a5 47. Qe5+ Kc6 48. Qxa5 Kd7 49. Qe5 Ke7 50. a4 Kd7 51. a5 Ke7 52. a6 Kd7 53. a7 Ke7 54. a8=Q Kd7 55. Qb7+ Kd8 56. Qh8# 1-0


[Site "https://www.chess.com"]

[Event "Titled Tuesday Blitz June 28 Early 2022"]
[White "Tari, Aryan"]
[Black "Golubev, Mikhail"]
[WhiteFideId "1510045"]
[BlackFideId "14100983"]
[WhiteElo "2567"]
[BlackElo "2374"]
[Result "1-0"]
[Round "03"]
[TimeControl "180+1"]
[Date "2022.06.28"]
[WhiteClock "0:00:50"]
[BlackClock "0:00:03"]

1. Nf3 d6 2. d4 Nf6 3. g3 g6 4. Bg2 Bg7 5. O-O O-O 6. c4 Nbd7 7. Nc3 e5 8. Qc2 exd4 9. Nxd4 Nb6 10. b3 c5 11. Nf3 d5 12. cxd5 Nfxd5 13. Bb2 Bf5 14. Qc1 Qf6 15. Na4 Qe7 16. Bxg7 Kxg7 17. Qxc5 Qxe2 18. Nd4 Qe7 19. Nxf5+ gxf5 20. Qxe7 Nxe7 21. Bxb7 Rad8 22. Nxb6 axb6 23. Rfd1 Ng6 24. f4 Rde8 25. Kf2 h5 26. h4 Re7 27. Bf3 Rc8 28. Rac1 Rec7 29. Rxc7 Rxc7 30. Rd2 Kh6 31. a4 Nf8 32. b4 Ne6 33. a5 bxa5 34. bxa5 Ra7 35. Rd5 Kg6 36. Be2 Nc7 37. Rd6+ f6 38. a6 Kf7 39. Rd7+ Ke6 40. Rh7 Nb5 41. Rxh5 Nd4 42. Bc4+ Kd6 43. Rh6 Kc5 44. Bd3 Kb4 45. Rxf6 Kc3 46. Bf1 1-0


[Site "https://www.chess.com"]

[Event "Titled Tuesday Blitz June 28 Early 2022"]
[White "Tasev, Dejan"]
[Black "Ardila, Oscar Humberto"]
[WhiteFideId "936618"]
[BlackFideId "4404742"]
[WhiteElo "2253"]
[BlackElo "1956"]
[Result "1/2-1/2"]
[Round "03"]
[TimeControl "180+1"]
[Date "2022.06.28"]
[WhiteClock "0:00:36"]
[BlackClock "0:00:21"]

1. e4 e5 2. Nf3 Nf6 3. Nxe5 d6 4. Nf3 Nxe4 5. Nc3 Nf6 6. g3 Be7 7. Bg2 O-O 8. O-O Nbd7 9. b3 Re8 10. Bb2 c6 11. d3 Nf8 12. Qd2 Bg4 13. h3 Bf5 14. Rae1 Qd7 15. Kh2 Rad8 16. Ne2 Ng6 17. Ned4 Bf8 18. Nxf5 Qxf5 19. Rxe8 Rxe8 20. Re1 Rxe1 21. Qxe1 d5 22. a4 h5 23. h4 Ng4+ 24. Kg1 Bc5 25. Bd4 Bxd4 26. Nxd4 Qf6 27. Nf3 N6e5 28. Nxe5 Nxe5 29. Qe3 Ng4 30. Qe8+ Kh7 31. Qe2 g6 32. Bf3 Ne5 33. Kg2 b6 34. d4 Nd7 35. c3 Nf8 36. Qe3 Ne6 37. Be2 Kg7 38. f4 Kf8 39. Bf3 Ng7 40. Qe5 Qxe5 41. fxe5 Ke7 42. g4 hxg4 43. Bxg4 f6 44. exf6+ Kxf6 45. Kf3 Ke7 46. Kf4 Kf6 47. c4 dxc4 48. bxc4 c5 49. d5 Ne8 50. Be2 Nd6 51. Bd3 Ne8 52. Be2 Nd6 53. Bd3 Ne8 54. Bf1 Nd6 55. Bd3 1/2-1/2


[Site "https://www.chess.com"]

[Event "Titled Tuesday Blitz June 28 Early 2022"]
[White "Terrieux, Kevin"]
[Black "Guliev, Logman"]
[WhiteFideId "622591"]
[BlackFideId "13400061"]
[WhiteElo "2482"]
[BlackElo "2128"]
[Result "1-0"]
[Round "03"]
[TimeControl "180+1"]
[Date "2022.06.28"]
[WhiteClock "0:01:06"]
[BlackClock "0:00:03"]

1. d4 Nf6 2. f3 d5 3. e4 dxe4 4. Nc3 exf3 5. Nxf3 Bg4 6. h3 Bh5 7. g4 Bg6 8. Ne5 e6 9. Qf3 c6 10. g5 Bh5 11. Qf2 Nd5 12. Be2 Bg6 13. Bd3 Nd7 14. Nxg6 hxg6 15. Ne4 Nb4 16. Bc4 Nb6 17. Bb3 Qd7 18. a3 N4d5 19. c4 Nc7 20. Bf4 O-O-O 21. O-O-O Ne8 22. Qg3 a5 23. Nc5 Bxc5 24. dxc5 Nd5 25. cxd5 cxd5 26. Kb1 Qb5 27. Rc1 d4 28. Bc4 Qc6 29. Bd3 1-0


[Site "https://www.chess.com"]